 Dungeon Crawl Stone Soup version 0.28.0-53-g5a82cb258f (webtiles) character file.

Game seed: 14161416714366141988

69166 mcbry74 the Severer (level 15, -1/130 HPs)
             Began as a Hill Orc Fighter on June 25, 2022.
             Was the Champion of Okawaru.
             Engulfed by a death drake (shapeshifter)'s foul pestilence (16 damage)
             ... on level 14 of the Dungeon on June 26, 2022.
             The game lasted 01:59:03 (32186 turns).

mcbry74 the Severer (Hill Orc Fighter)             Turns: 32186, Time: 01:59:04

Health: -1/130     AC: 26    Str: 24    XL:     15   Next: 29%
Magic:  22/22      EV:  9    Int: 14    God:    Okawaru [******]
Gold:   1796       SH:  7    Dex: 10    Spells: 13/14 levels left

rFire   + . .      SeeInvis .   x - +7 war axe (flame)
rCold   x . .      Faith    +   i - +1 buckler {AC+3}
rNeg    . . .      Spirit   .   Z - +1 chain mail {rPois}
rPois   +          Reflect  .   C - +0 helmet
rElec   .          Harm     .   b - +2 cloak of Keots {Will+}
rCorr   .          Rampage  .   d - +0 pair of gloves {Str+3}
Will    ++...                   (no boots)
Stlth   ..........              e - amulet of faith
HPRegen 0.31/turn               g - +4 ring of protection
MPRegen 0.18/turn               W - ring of fire

@: lethally poisoned (-1 -> -66), slowed, studying Stealth, very slow
A: no striking features
a: Renounce Religion, Heroism, Finesse, Duel


You were on level 14 of the Dungeon.
You worshipped Okawaru.
Okawaru was exalted by your worship.
You visited 4 branches of the dungeon, and saw 23 of its levels.
You also visited: Gauntlet.

You collected 1796 gold pieces.

Inventory:

Hand Weapons
 u - a +0 war axe of electrocution
 x - a +7 war axe of flaming (weapon)
 N - the +7 flail of Zaghar {pain, Dex+2}
   (You found it on level 6 of the Lair of Beasts)

   In the hands of one skilled in necromantic magic, it inflicts extra damage on
   living creatures.
   Dex:       It affects your dexterity (+2).
 Y - a +0 broad axe of flaming
Missiles
 h - 14 javelins
 j - 70 poisoned darts
 n - 9 atropa-tipped darts
 o - 4 curare-tipped darts
 v - 16 boomerangs (quivered)
 I - 6 throwing nets
Armour
 b - the +2 cloak of Keots (worn) {Will+}
   (You found it in a Gauntlet)

   Will:      It increases your willpower.
 d - a +0 pair of gloves of strength (worn)
 i - a +1 buckler of protection (worn)
 C - a +0 helmet (worn)
 Z - a +1 chain mail of poison resistance (worn)
Jewellery
 c - a ring of positive energy
 e - an amulet of faith (around neck)
 f - a ring of ice
 g - a +4 ring of protection (left hand)
 m - a ring of flight
 s - a ring of positive energy
 W - a ring of fire (right hand)
Wands
 r - a wand of paralysis (8)
 D - a wand of acid (44)
 L - a wand of iceblast (25)
 M - a wand of flame (45)
 O - a wand of mindburst (3)
 V - a wand of digging (4)
Scrolls
 k - 3 scrolls of blinking
 p - 4 scrolls of magic mapping
 t - 3 scrolls of fog
 B - 7 scrolls of teleportation
 E - a scroll of identify
 F - 4 scrolls of fear
 J - a scroll of amnesia
Potions
 a - 2 potions of resistance
 l - 3 potions of might
 q - 2 potions of heal wounds
 z - 2 potions of attraction {unknown}
 A - 13 potions of ambrosia
 G - a potion of lignification {unknown}
 H - 3 potions of haste
 K - 4 potions of mutation
 P - a potion of invisibility {unknown}
 Q - 4 potions of brilliance {unknown}
 S - 4 potions of cancellation
 T - 4 potions of berserk rage {unknown}
 X - 10 potions of curing
Miscellaneous
 w - a tin of tremorstones (2/2)
 y - a lightning rod (4/4)


   Skills:
 + Level 11.6 Fighting
 - Level 16.7 Axes
 * Level 9.3 Throwing
 + Level 11.5 Armour
 + Level 3.0 Dodging
 + Level 6.2 Stealth
 + Level 11.8 Shields
 + Level 0.3 Spellcasting
 + Level 1.3 Necromancy
 - Level 10.0 Invocations
 + Level 8.8 Evocations


You had 13 spell levels left.
You knew the following spells:

 Your Spells              Type           Power      Damage    Failure   Level
a - Pain                  Necr           12%        1d4       67%         1

Your spell library contained the following spells:

 Spells                   Type           Power      Damage    Failure   Level
 Beastly Appendage        Tmut           0%         N/A       86%         1
 Corpse Rot               Necr/Air       4%         N/A       88%         2
 Poisonous Vapours        Pois/Air       0%         N/A       94%         2
 Static Discharge         Conj/Air       0%         N/A       94%         2
 Wereblood                Tmut           0%         N/A       94%         2
 Vampiric Draining        Necr           3%         2d6       96%         3
 Conjure Flame            Conj/Fire      0%         6-21      99%         3
 Ignite Poison            Fire/Tmut/Pois 0%         N/A       99%         3
 Mephitic Cloud           Conj/Pois/Air  0%         N/A       99%         3
 Portal Projectile        Hex/Tloc       0%         N/A       99%         3
 Spider Form              Tmut/Pois      0%         N/A       99%         3
 Airstrike                Air            0%         N/A       100%        4
 Cause Fear               Hex            0%         N/A       100%        4
 Passage of Golubria      Tloc           0%         N/A       100%        4
 Sticky Flame             Conj/Fire      0%         2d3       100%        4
 Blade Hands              Tmut           0%         N/A       100%        5
 Borgnjor's Vile Clutch   Necr/Erth      1%         N/A       100%        5
 Excruciating Wounds      Necr           1%         N/A       100%        5
 Freezing Cloud           Conj/Ice/Air   0%         6-21      100%        5
 Lightning Bolt           Conj/Air       0%         1d11      100%        5
 Dispersal                Tloc           0%         N/A       100%        6
 Dragon Form              Tmut           0%         N/A       100%        7
 Disjunction              Tloc           0%         N/A       100%        8
 Maxwell's Capacitive Co  Air            0%         ∞         100%        8
 Animate Skeleton         Necr           Unusable   N/A       N/A         1
 Animate Dead             Necr           Unusable   N/A       N/A         4
 Death Channel            Necr           Unusable   N/A       N/A         6
 Dragon's Call            Summ           Unusable   N/A       N/A         9

Dungeon Overview and Level Annotations

Branches:
Dungeon (14/15)            Temple (1/1) D:6            Lair (6/6) D:11
 Shoals (0/4) Lair:4        Snake (0/4) Lair:2        Slime (0/5) Lair:6
    Orc (2/2) D:10        Gauntlet (visited)
    Elf: Orc:2       Vaults: D:13-14

Altars:
Ashenzari
Cheibriados
Dithmenos
Elyvilon
Fedhas
Gozag
Hepliaklqana
Kikubaaqudgha
Makhleb
Nemelex Xobeh
Okawaru
Qazlal
Ru
Sif Muna
Trog
Uskayaw
Vehumet
Wu Jian
Xom
Yredelemnul
Zin
The Shining One
Beogh


Message History

You slice the white ugly thing!! You burn the white ugly thing!
You kill the white ugly thing!
Okawaru accepts your kill.
You hit the white ugly thing but do no damage.
The white ugly thing bites you but does no damage.
Your Dodging skill increases to level 3!
You hit the gargoyle but do no damage.
The gargoyle is severely damaged.
You slash the white ugly thing! You burn the white ugly thing.
You kill the white ugly thing!
Okawaru accepts your kill.
The gargoyle hits you but does no damage.
You slash the gargoyle! You burn the gargoyle.
You destroy the gargoyle!
Okawaru accepts your kill. Okawaru grants you a weapon!
Something appears at your feet!
You see here a +1 flail of protection.
You closely miss the death drake. The death drake bites you.
You slash the death drake! You burn the death drake.
The death drake is moderately wounded.
The death drake breathes miasma at you. The foul vapour engulfs you.
You feel yourself slow down.
You hit the death drake but do no damage.
The death drake is moderately wounded.
You are engulfed in dark miasma.
The death drake bites you but does no damage. x2
You slash the death drake! You burn the death drake!
The death drake is severely wounded.
You are engulfed in dark miasma.
You are poisoned.
You feel as though you will be slow longer.
* * * LOW HITPOINT WARNING * * *
x2 You feel extremely sick.
The death drake breathes miasma at you. The foul vapour engulfs you!
You are more poisoned.
* * * LOW HITPOINT WARNING * * *
A cyan ugly thing comes into view.
You are engulfed in dark miasma.
You die...

... .. ...
.# # # ..
##.. .#..
.....#....
.#..#..#..
........#
#k)..# #@#
#†# #.#
... ...
##... u...
##.##


You could see a death drake shaped shifter (catching breath) and a cyan ugly
thing (wandering).

Vanquished Creatures
  2 reapers (Gauntlet)
  Nessos (Lair:6)
  A minotaur (Gauntlet)
  Snorg (D:12)
  A fire dragon (Lair:6)
  6 hydras
  A catoblepas (Lair:5)
  The ghost of diceflayer the Fighter, a novice MiFi of Okawaru (D:9)
  3 two-headed ogres
  2 centaur warriors
  4 death yaks (Lair:6)
  Nergalle (Lair:3)
  Sonja (Lair:4)
  A swamp dragon (Lair:6)
  2 deep elf pyromancers (D:12)
  9 ugly things
  3 manticores
  14 elephants
  5 cyclopes
  An elephant (shapeshifter) (D:13)
  A merfolk siren (Lair:4)
  7 black mambas
  A torpor snail (Lair:5)
  16 cane toads
  Psyche (D:9)
  2 gargoyles
  A kobold demonologist (D:12)
  An efreet (D:13)
  4 rime drakes
  An unseen horror (D:11)
  6 komodo dragons
  A queen bee (D:10)
  4 hellwings (Gauntlet)
  9 polar bears (Lair:6)
  2 trolls
  Prince Ribbit (D:6)
  A polar bear (shapeshifter) (D:13)
  11 blink frogs
  4 dream sheep (Lair:5)
  A raiju (Lair:6)
  2 shadows (D:13)
  2 water elementals (D:11)
  A jumping spider (shapeshifter) (D:13)
  A vampire (D:13)
  2 wyverns (Lair:4)
  A hog (shapeshifter) (D:13)
  25 yaks
  7 basilisks
  4 wraiths
  Grum (D:11)
  2 steam dragons (Lair:6)
  4 vampire mosquitoes
  Menkaure (D:5)
  4 wargs (Lair:6)
  3 acid dragons
  13 water moccasins
  16 hell hounds (Lair:6)
  14 orc warriors
  A swamp drake (Lair:6)
  13 black bears
  3 ice beasts
  A necrophage (D:8)
  A hornet zombie (D:6)
  2 sky beasts
  30 wolves
  5 ogres
  2 phantoms
  7 centaurs
  5 kobold brigands
  Blork the orc (D:5)
  2 scorpions
  10 bullfrogs
  2 gnoll sergeants
  A water moccasin zombie (D:5)
  24 killer bees (D:10)
  14 electric eels
  5 lava snakes (Lair:4)
  6 hounds
  A centaur zombie (D:7)
  A gnoll shaman (D:7)
  12 orc priests
  3 iguanas (Lair:6)
  12 orc wizards
  4 hell rats (Lair:5)
  2 howler monkey zombies
  2 howler monkey skeletons (D:7)
  27 gnolls
  2 adders
  3 ufetubi
  A dart slug (D:1)
  56 orcs
  6 bats
  6 endoplasms
  3 giant cockroaches
  7 goblins
  10 hobgoblins
  7 jackals (D:2)
  6 quokkas
  7 ball pythons
  A frilled lizard (D:1)
  25 kobolds
  4 rats
581 creatures vanquished.

Vanquished Creatures (others)
  28 fungi
  36 plants
64 creatures vanquished.

Grand Total: 645 creatures vanquished

Notes
Turn   | Place    | Note
-------+----------+-------------------------------------------
     0 | D:1      | mcbry74 the Hill Orc Fighter began the quest for the Orb.
     0 | D:1      | Reached XP level 1. HP: 19/19 MP: 1/1
    72 | D:1      | Reached skill level 3 in Axes
    99 | D:1      | Reached XP level 2. HP: 20/26 MP: 2/2
   269 | D:1      | Found a faded altar of an unknown god.
   407 | D:1      | Reached XP level 3. HP: 31/31 MP: 3/3
   701 | D:1      | Got the Catalogue of Displacement
   888 | D:2      | Reached skill level 4 in Axes
  1253 | D:2      | Reached XP level 4. HP: 30/39 MP: 4/4
  1720 | D:3      | HP: 1/39 [orc priest/divine providence (10)]
  1722 | D:3      | Reached skill level 5 in Axes
  1722 | D:3      | Reached XP level 5. HP: 2/45 MP: 5/5
  2708 | D:4      | Noticed an ogre
  2713 | D:4      | Killed an ogre
  2714 | D:4      | Reached skill level 6 in Axes
  2714 | D:4      | Reached XP level 6. HP: 51/51 MP: 6/6
  2854 | D:4      | Reached skill level 7 in Axes
  2854 | D:4      | Reached skill level 5 in Armour
  2854 | D:4      | Reached skill level 5 in Shields
  3055 | D:4      | Reached XP level 7. HP: 56/57 MP: 7/7
  3878 | D:5      | Entered Level 5 of the Dungeon
  3975 | D:5      | Noticed Blork the orc
  3994 | D:5      | Killed Blork the orc
  3995 | D:5      | Reached skill level 8 in Axes
  4140 | D:5      | Reached XP level 8. HP: 64/64 MP: 8/8
  4248 | D:5      | Reached skill level 9 in Axes
  4292 | D:5      | Noticed Menkaure
  4297 | D:5      | Killed Menkaure
  4367 | D:5      | Reached skill level 1 in Throwing
  4919 | D:6      | Noticed Prince Ribbit
  4956 | D:6      | Killed Prince Ribbit
  4957 | D:6      | Reached skill level 10 in Axes
  4957 | D:6      | Reached XP level 9. HP: 71/73 MP: 9/9
  4980 | D:6      | Found a staircase to the Ecumenical Temple.
  5006 | Temple   | Entered the Ecumenical Temple
  5154 | Temple   | Became a worshipper of Warmaster Okawaru
  5320 | D:6      | Reached skill level 5 in Fighting
  6207 | D:7      | Reached * piety under Okawaru
  6208 | D:7      | Reached skill level 1 in Invocations
  6450 | D:7      | Reached skill level 1 in Evocations
  6469 | D:7      | Reached skill level 11 in Axes
  7383 | D:8      | Got the Collected Works on Feathery Poisoning
  7831 | D:8      | Found a transporter.
  7833 | D:8      | Found a transporter.
  7845 | D:8      | Found a roughly hewn altar of Beogh.
  8000 | D:8      | Reached ** piety under Okawaru
  8001 | D:8      | Reached XP level 10. HP: 52/83 MP: 7/11
  8403 | D:8      | Found a snail-covered altar of Cheibriados.
  9258 | D:9      | Noticed Psyche
  9278 | D:9      | Paralysed by something for 2 turns
  9290 | D:9      | Killed Psyche
  9411 | D:9      | Reached skill level 12 in Axes
  9461 | D:9      | Noticed diceflayer's ghost (novice MiFi)
  9466 | D:9      | Found a runed translucent door.
  9491 | D:9      | Killed diceflayer's ghost
  9491 | D:9      | Reached *** piety under Okawaru
  9977 | D:10     | Entered Level 10 of the Dungeon
 10030 | D:10     | Noticed a two-headed ogre
 10037 | D:10     | Killed a two-headed ogre
 10101 | D:10     | HP: 4/84 [killer bee (1)]
 10102 | D:10     | HP: 1/84 [killer bee (9)]
 10130 | D:10     | Reached **** piety under Okawaru
 10170 | D:10     | Reached XP level 11. HP: 46/92 MP: 3/14
 10248 | D:10     | Noticed a two-headed ogre
 10255 | D:10     | Reached skill level 13 in Axes
 10268 | D:10     | Killed a two-headed ogre
 10269 | D:10     | Reached skill level 5 in Invocations
 12672 | D:10     | Found a staircase to the Orcish Mines.
 13164 | D:11     | Found a staircase to the Lair.
 13186 | D:11     | HP: 3/92 [water elemental (6)]
 13599 | D:11     | Noticed an eight-headed hydra
 13605 | D:11     | Noticed a white ugly thing
 13651 | D:10     | Killed a three-headed hydra
 13927 | D:11     | Killed a white ugly thing
 14076 | D:11     | Reached skill level 5 in Throwing
 14316 | D:11     | Noticed a manticore
 14332 | D:11     | Killed a manticore
 14332 | D:11     | Reached ***** piety under Okawaru
 14603 | D:11     | Noticed a centaur warrior
 14627 | D:11     | Killed a centaur warrior
 14628 | D:11     | Reached skill level 14 in Axes
 15046 | D:11     | Noticed Grum
 15057 | D:11     | Killed Grum
 15094 | D:11     | Received a gift from Okawaru
 16169 | D:11     | Reached skill level 5 in Evocations
 16218 | Lair:1   | Entered Level 1 of the Lair of Beasts
 16249 | Lair:1   | Reached XP level 12. HP: 78/102 MP: 11/16
 16567 | Lair:1   | Received a gift from Okawaru
 18416 | Lair:2   | Found a staircase to the Snake Pit.
 18597 | Lair:2   | Reached skill level 15 in Axes
 19840 | Lair:3   | Received a gift from Okawaru
 20164 | Lair:3   | Noticed an eight-headed hydra
 20173 | Lair:3   | Killed a five-headed hydra
 20173 | Lair:3   | Received a gift from Okawaru
 20216 | Lair:3   | Reached XP level 13. HP: 111/111 MP: 19/19
 20262 | Lair:3   | Noticed Nergalle
 20276 | Lair:3   | Killed Nergalle
 20277 | Lair:3   | Reached skill level 10 in Shields
 20927 | Lair:4   | Found a gate leading to a gauntlet.
 21175 | Gauntlet | Entered a Gauntlet
 21175 | Gauntlet | Noticed a reaper
 21175 | Gauntlet | Found a transporter.
 21175 | Gauntlet | Found a transporter.
 21175 | Gauntlet | Found a transporter.
 21206 | Gauntlet | Found a transporter.
 21222 | Gauntlet | Found a transporter.
 21231 | Gauntlet | Found a transporter.
 21248 | Gauntlet | Found a transporter.
 21261 | Gauntlet | Found a transporter.
 21267 | Gauntlet | Found a transporter.
 21281 | Gauntlet | Found a transporter.
 21281 | Gauntlet | Noticed a reaper
 21284 | Gauntlet | Found a transporter.
 21573 | Gauntlet | Killed a reaper
 21574 | Gauntlet | Reached skill level 16 in Axes
 21909 | Gauntlet | Killed a reaper
 21909 | Gauntlet | Received a gift from Okawaru
 21918 | Gauntlet | Reached skill level 10 in Armour
 21935 | Gauntlet | Identified the +2 cloak of Keots {Will+}
 22068 | Gauntlet | Noticed a minotaur
 22091 | Gauntlet | Killed a minotaur
 22910 | Lair:4   | Noticed Sonja
 22928 | Lair:4   | Killed Sonja
 23717 | Lair:4   | Reached skill level 10 in Fighting
 23729 | Lair:4   | Found a staircase to the Shoals.
 24445 | Lair:5   | Reached skill level 1 in Stealth
 24806 | Lair:5   | Received a gift from Okawaru
 25092 | Lair:5   | Received a gift from Okawaru
 25095 | Lair:5   | Reached XP level 14. HP: 120/122 MP: 16/21
 25427 | Lair:5   | Received a gift from Okawaru
 25821 | Lair:6   | Entered Level 6 of the Lair of Beasts
 26243 | Lair:6   | Reached ****** piety under Okawaru
 26309 | Lair:6   | Reached skill level 10 in Invocations
 26465 | Lair:6   | Received a gift from Okawaru
 26560 | Lair:6   | Noticed Nessos
 26584 | Lair:6   | Killed Nessos
 26607 | Lair:6   | Reached skill level 1 in Dodging
 26638 | Lair:6   | Identified the +5 great sword of Megalomania {vorpal, rN+}
                  | (Okawaru gifted it to you on level 6 of the Lair of Beasts)
 26638 | Lair:6   | Received a gift from Okawaru
 27455 | Lair:6   | Received a gift from Okawaru
 27530 | Lair:6   | Found a staircase to the Slime Pits.
 27596 | Lair:6   | Found a basalt altar of Yredelemnul.
 27799 | Lair:6   | Identified the +7 flail of Zaghar {pain, Dex+2}
 27868 | Lair:6   | Reached skill level 5 in Stealth
 28955 | Orc:1    | Entered Level 1 of the Orcish Mines
 29127 | Orc:2    | Entered Level 2 of the Orcish Mines
 29795 | D:12     | Noticed Snorg
 29806 | D:12     | Killed Snorg
 30371 | D:12     | Reached XP level 15. HP: 130/130 MP: 22/22
 30616 | D:12     | Received a gift from Okawaru
 31087 | D:13     | Learned a level 1 spell: Pain
 31212 | D:13     | Received a gift from Okawaru
 31788 | D:13     | Reached skill level 1 in Necromancy
 32181 | D:14     | Received a gift from Okawaru
 32186 | D:14     | Engulfed by a death drake (shapeshifter)'s foul pestilence

Illustrated notes

Levels and vault maps discovered:
D:1:      wander_arrival_peaceful_grave, layout_basic,
          shapermc_ecumenical_altar_ellora, kennysheep_pointless_box,
          serial_park_tiny_1, st_stairs_4
D:2:      layout_basic, minmay_misc_feat_roman, corexii_item_surrounded_by_moat,
          st_stairs_2, grunt_ministairs_7, grunt_decor_one_mirror,
          minmay_goblin_kobold_house
D:3:      layout_rooms
D:4:      layout_basic
D:5:      layout_loops_ring, uniq_blork_the_orc, uniq_menkaure
D:6:      layout_basic, minmay_temple_entry_junction, uniq_prince_ribbit1
D:7:      layout_basic
D:8:      gammafunk_beogh_shrine, layout_layer_cave,
          nicolae_overflow_hidden_temple
D:9:      layout_roguey, hellmonk_ghost_happy_afterlife, uniq_psyche
D:10:     layout_loops_corners, erik_orc_2, special_room [special_room_bee]
D:11:     layout_long_grid, erik_lair_island, uniq_grum
D:12:     layout_layer_cave, serial_co_window_serial, co_window_paths_a,
          co_window_corner_a, co_window_cross_1, co_window_of_opportunity_a,
          co_window_paths_a, co_window_corner_a, co_window_corner_a,
          co_window_broadway_a, co_window_broadway_a,
          co_window_of_opportunity_b, glass_columns_c, glass_columns_a,
          glass_columns_a, glass_columns_c, glass_columns_a,
          kennysheep_generic_room_8, uniq_snorg
D:13:     layout_long_grid
D:14:     layout_loops_cross, david_vaults_2, hangedman_decor_push
Temple:   minmay_crystal_snake_temple
Lair:1:   layout_concentric_octagons
Lair:2:   layout_cave_pods, guppyfry_snake_entry_island
Lair:3:   layout_cave_pods, uniq_nergalle
Lair:4:   layout_gridlike, elwin_shoals_entry_rooms, gauntlet_entry_generic,
          nicolae_lair_liquid_snakes, uniq_sonja
Lair:5:   layout_gridlike, grunt_megastairs_4
Lair:6:   guppyfry_lair_end_dragon, layout_cave_pods,
          hangedman_lair_caniforms_friends, slime_dummy, basic_altar,
          uniq_nessos
Orc:1:    layout_diamond_mine, basic_altar, mines2_david
Orc:2:    grunt_orc_gardens, layout_caves, grunt_orc_garden, grunt_orc_garden,
          grunt_orc_garden, grunt_orc_garden

Skill      XL: |  1  2  3  4  5  6  7  8  9 10 11 12 13 14 15 |
---------------+----------------------------------------------+-----
Axes           | 3 4 5 6 7 8 10 11 12 14 15 16 | 16.7
Armour         | 4 5 6 7 8 9 10 11 | 11.5
Shields        | 4 5 6 7 8 9 10 11 | 11.8
Fighting       | 4 5 7 8 9 10 11 | 11.6
Throwing       | 2 3 4 5 6 7 8 9 |  9.3
Invocations    | 2 4 6 8 9 10 | 10.0
Evocations     | 2 3 5 6 7 8 |  8.8
Stealth        | 2 5 6 |  6.2
Dodging        | 2 3 |  3.0
Necromancy     | 1 |  1.3
Spellcasting   | |  0.3

Action                   |  1- 3 |  4- 6 |  7- 9 | 10-12 | 13-15 || total
-------------------------+-------+-------+-------+-------+-------++-------
Melee: War axe           |   105 |   128 |   278 |   842 |   802 ||  2155
Throw: Javelin           |       |     4 |       |       |     3 ||     7
       Boomerang         |       |       |       |    11 |    56 ||    67
       Dart              |       |       |       |     6 |    27 ||    33
Invok: Heroism           |       |       |       |     3 |     3 ||     6
       Finesse           |       |       |       |     3 |    10 ||    13
Evoke: Wand              |       |       |       |     2 |       ||     2
  Use: Scroll            |       |       |     6 |    15 |     8 ||    29
       Potion            |       |       |     1 |    13 |     2 ||    16
Armor: Scale mail        |    71 |       |       |       |       ||    71
       Plate armour      |     6 |    85 |   197 |   510 |       ||   798
       Skin              |       |       |       |     6 |       ||     6
       Chain mail        |       |       |       |   100 |   421 ||   521
Dodge: Dodged            |    59 |    32 |    66 |   203 |   257 ||   617
Block: Buckler           |    30 |    28 |    65 |   117 |   228 ||   468
       Kite shield       |       |       |       |   192 |       ||   192
